Map: Dusk Towers

Players

LazyLotuS

  • Race: Terran Terran
  • League: Diamond

VampyWorm - Winner!

  • Race: Protoss Protoss
  • League: Master

VOD

Have the link to the VOD?

Description

Time

  • Played on: Dec. 21, 2015, 6:41 p.m.
  • Length: 16:48
Show
View Real Time Build Order
Export as new Build Order

LazyLotuS Terran 

Build Orders: 1/1/1, Liberator Opening, MMM Bio 

Get SALT Encoding   

  12  0:01  SCV  
  13  0:13  SCV  
  14  0:18  Supply Depot  
  14  0:23  Refinery  
  14  0:27  SCV  
  15  0:39  SCV  
  16  0:46  Barracks  
  16  0:52  SCV  
  17  1:04  SCV  
  18  1:16  SCV  
  19  1:28  SCV  
  20  1:35  Factory  
  20  1:40  Supply Depot, Orbital Command  
  20  1:41  Marine  
  20  1:59  Marine  
  21  2:06  SCV  
  22  2:17  Marine  
  22  2:18  SCV  
  22  2:21  Starport  
  22  2:22  Widow Mine  
  26  2:30  SCV  
  26  2:35  Marine  
  28  2:42  SCV  
  29  2:53  Widow Mine  
  31  2:59  Command Center  
  31  3:00  Supply Depot  
  31  3:15  Medivac, Marine  
  31  3:17  SCV  
  35  3:22  Widow Mine  
  37  3:27  Barracks x2  
  37  3:29  Refinery  
  37  3:38  SCV  
  37  3:40  Liberator  
  38  4:00  SCV  
  42  4:09  Supply Depot  
  42  4:14  Orbital Command  
  42  4:16  SCV  
  43  4:18  Marine x2  
  45  4:27  Barracks Tech Lab  
  42  4:54  Marine  
  42  4:55  Barracks Reactor  
  42  4:56  Barracks Reactor  
  43  5:00  Barracks, Starport Reactor  
  41  5:12  Marine  
  42  5:19  SCV x2  
  44  5:25  Command Center  
  44  5:27  Engineering Bay  
  44  5:30  Liberator  
  44  5:35  Barracks  
  44  5:36  Barracks, Marine x2  
  44  5:37  Marine x3  
  44  5:39  Medivac  
  53  5:44  SCV x2  
  47  6:22  Stimpack, Marine x5  
  50  6:31  SCV x2  
  52  6:38  Orbital Command  
  52  6:39  Barracks Reactor x2  
  52  6:40  Barracks Tech Lab  
  52  6:43  SCV x2  
  52  6:44  Medivac  
  56  6:51  Marine x5  
  61  6:55  SCV x2  
  63  7:07  SCV x2, Marauder  
  67  7:12  SCV  
  68  7:16  Marine x4  
  68  7:17  Marine x4  
  68  7:19  SCV x2  
  78  7:34  SCV x3, Marauder x2  
  78  7:36  Terran Infantry Weapons Level 1  
  85  7:39  Armory  
  85  7:44  Supply Depot  
  85  7:51  Supply Depot  
  85  8:04  Marine x3  
  85  8:05  Marine x4  
  85  8:06  SCV x3  
  85  8:12  Marine  
  93  8:13  Marauder x2  
  93  8:17  Orbital Command  
  96  8:24  SCV  
  96  8:25  SCV  
  96  8:26  Combat Shields  
  98  8:27  Marine x3  
  98  8:31  Supply Depot  
  98  8:34  Supply Depot  
  101  8:39  Engineering Bay  
  101  8:40  Supply Depot  
  101  8:41  Marine x4  
  101  8:42  Marauder x2  
  109  8:52  SCV, Marine  
  109  8:53  SCV  
  103  9:07  Marine x6  
  103  9:08  Marine  
  103  9:09  SCV x3, Marauder x2  
  117  9:21  SCV x3  
  117  9:33  SCV x2, Marine x3  
  117  9:34  Command Center, Marine x5  
  117  9:36  Terran Infantry Weapons Level 2  
  127  9:43  Terran Infantry Armor Level 1  
  127  9:52  Marine  
  126  9:53  Marine x6  
  126  9:59  Supply Depot  
  133  10:01  Supply Depot  
  133  10:02  Refinery  
  133  10:09  Refinery  
  133  10:20  SCV x2, Marine x4  
  133  10:21  Marauder  
  141  10:22  SCV, Marine x2  
  141  10:23  Marauder, Marine x2  
  144  10:32  SCV  
  124  10:39  Marine x4  
  124  10:42  Marauder  
  110  10:44  Marauder  
  101  10:56  Marine x3  
  102  11:03  Barracks  
  102  11:04  Barracks  
  102  11:07  Liberator  
  102  11:10  Liberator  
  102  11:12  Barracks  
  102  11:14  Barracks  
  102  11:21  Marine x5  
  102  11:22  Marine x3  
  102  11:23  Marauder x2  
  116  11:52  Marine x6  
  116  11:53  Barracks Reactor, Marine x2  
  123  11:54  Barracks Tech Lab  
  123  11:55  Marauder x2  
  127  12:01  Orbital Command  
  127  12:09  Marine  
  127  12:10  Marine  
  129  12:16  Marine x5  
  129  12:17  Marine  
  129  12:18  Marauder x3  
  141  12:27  Marine x2  
  143  12:34  Marine x2  
  144  12:39  Marauder x3  
  144  12:40  Liberator x2  
  148  12:44  Marine  
  148  12:45  Marine x4  
  148  12:50  Barracks Reactor, Barracks Tech Lab  
  153  12:51  Command Center  
  153  12:52  Marine x4  
  153  12:53  Marine  
  153  12:55  Terran Infantry Weapons Level 3, Terran Infantry Armor Level 2  
  164  13:04  Supply Depot  
  164  13:05  Supply Depot x2  
  164  13:06  Supply Depot  
  164  13:08  Marauder x2  
  145  13:20  Marine x4  
  145  13:21  Marine x6  
  145  13:22  Marauder x2  
  159  13:29  Marauder  
  159  13:32  Marine x2  
  159  13:33  Marine  
  164  13:41  Refinery  
  164  13:45  Liberator x2  
  143  13:51  Marine x4  
  143  13:52  Marine x7  
  143  13:53  Marauder, Marine  
  143  13:54  Marauder x2  
  154  14:05  Orbital Command  
  160  14:13  Marine x2  
  160  14:14  Marine x5  
  160  14:15  Marine x2  
  169  14:28  Liberator x2  
  128  14:36  Marine x3  
  128  14:37  Marine x7  
  128  14:38  Marine  
  134  14:39  Marauder x3  
  134  14:40  Marauder  
  134  14:43  Marine  
  134  14:45  Concussive Shells  
  149  14:54  Marine x4  
  149  14:55  Marine x5  
  149  14:56  Marine x2  
  161  15:00  Marauder x3  
  161  15:01  Marauder  
  168  15:13  Starport, Marine x5  
  168  15:14  Marine x6  
  174  15:15  Marine  
  170  15:21  Marauder x2, Marine  
  170  15:22  Marine  
  128  15:41  Marine  
  128  15:42  Marine x6  
  113  15:46  Liberator  
  113  15:47  Liberator  
  95  15:53  Marine x2  
  95  15:54  Marine x3  
  95  15:55  Marauder x4  
  84  16:01  Marine x5  
  84  16:02  Marine x2  
  93  16:15  Marine x5  
  93  16:16  Marauder x2  
  75  16:29  Marine x2  
  75  16:30  Marine x2  
Show
View Real Time Build Order
Export as new Build Order

VampyWorm Protoss - Winner!

Build Orders: 1 Gate Expand 

Get SALT Encoding   

  12  0:01  Probe (Chrono Boost)  
  13  0:12  Probe (Chrono Boost)  
  14  0:18  Pylon  
  14  0:22  Probe (Chrono Boost)  
  15  0:37  Probe (Chrono Boost)  
  15  0:38  Gateway  
  16  0:47  Probe (Chrono Boost)  
  17  1:09  Nexus  
  17  1:15  Assimilator  
  17  1:21  Assimilator  
  17  1:23  Probe (Chrono Boost)  
  18  1:34  Cybernetics Core  
  18  1:36  Probe (Chrono Boost)  
  19  1:47  Probe (Chrono Boost)  
  20  1:57  Probe (Chrono Boost)  
  20  1:58  Pylon  
  22  2:11  Mothership Core (Chrono Boost)  
  23  2:17  Warp Gate  
  23  2:21  Probe (Chrono Boost)  
  24  2:29  Probe (Chrono Boost)  
  25  2:32  Probe (Chrono Boost)  
  26  2:38  Twilight Council  
  26  2:40  Probe (Chrono Boost)  
  26  2:42  Probe (Chrono Boost)  
  28  2:50  Probe (Chrono Boost)  
  29  2:53  Probe (Chrono Boost)  
  30  2:58  Robotics Facility  
  30  3:01  Probe (Chrono Boost)  
  30  3:04  Probe (Chrono Boost)  
  32  3:11  Probe (Chrono Boost)  
  33  3:14  Resonating Glaives (Chrono Boost)  
  34  3:23  Probe  
  34  3:25  Gateway  
  34  3:29  Gateway  
  34  3:31  Probe  
  35  3:35  Probe  
  36  3:44  Warp Prism (Chrono Boost)  
  38  3:48  Pylon  
  38  3:50  Probe x2  
  40  4:00  Gateway  
  40  4:02  Pylon  
  40  4:05  Probe  
  40  4:06  Probe  
  42  4:15  Probe  
  42  4:18  Probe  
  42  4:23  Adept x2  
  48  4:24  Adept  
  48  4:26  Probe  
  48  4:29  Observer (Chrono Boost)  
  48  4:31  Probe  
  47  4:50  Probe  
  47  4:52  Probe  
  49  5:02  Probe  
  49  5:03  Probe, Forge  
  51  5:14  Probe x2  
  51  5:16  Pylon  
  51  5:18  Assimilator  
  53  5:22  Observer (Chrono Boost)  
  53  5:25  Forge  
  53  5:26  Probe  
  53  5:27  Adept x3  
  61  5:34  Pylon  
  61  5:37  Probe, Protoss Ground Weapons Level 1  
  61  5:40  Pylon  
  62  5:43  Probe  
  62  5:47  Probe  
  64  5:52  Pylon  
  64  6:00  Probe  
  64  6:01  Probe  
  66  6:04  Adept  
  66  6:05  Stalker  
  66  6:06  Stalker, Adept  
  66  6:10  Probe  
  66  6:11  Adept x2  
  64  6:12  Stalker x2  
  64  6:13  Probe  
  70  6:26  Nexus  
  70  6:29  Pylon  
  70  6:30  Probe, Pylon  
  60  6:36  Protoss Ground Armor Level 1  
  60  6:39  Adept x4  
  68  6:43  Probe  
  68  6:44  Probe, Assimilator  
  70  6:51  Observer (Chrono Boost)  
  71  6:56  Probe x2  
  73  7:03  Adept x2  
  73  7:07  Probe  
  73  7:08  Probe  
  79  7:16  Stalker x2  
  79  7:17  Probe  
  79  7:20  Probe  
  85  7:25  Photon Cannon  
  85  7:30  Photon Cannon x2  
  85  7:32  Photon Cannon  
  85  7:33  Probe  
  85  7:35  Stargate  
  85  7:36  Pylon, Assimilator  
  86  7:40  Assimilator  
  86  7:46  Stalker x2  
  86  7:47  Adept  
  92  7:55  Pylon  
  92  8:00  Pylon  
  92  8:02  Probe  
  92  8:04  Probe x2  
  87  8:13  Probe  
  84  8:22  Adept x2  
  84  8:23  Stalker x2, Pylon  
  92  8:27  Probe  
  92  8:29  Pylon  
  92  8:30  Protoss Ground Weapons Level 2  
  92  8:31  Protoss Ground Armor Level 2  
  92  8:32  Probe  
  92  8:33  Probe  
  95  8:43  Photon Cannon  
  95  8:44  Probe  
  95  8:45  Photon Cannon  
  92  8:59  Probe x2  
  92  9:00  Probe  
  89  9:08  Stalker, Void Ray (Chrono Boost)  
  89  9:09  Probe x2  
  95  9:12  Probe  
  95  9:16  Stalker x2  
  102  9:20  Probe  
  102  9:21  Probe  
  102  9:33  Probe  
  102  9:36  Photon Cannon  
  103  9:43  Void Ray (Chrono Boost)  
  103  9:46  Robotics Bay  
  103  9:47  Pylon  
  103  9:52  Stalker, Adept  
  109  9:53  Stalker x2  
  109  9:58  Charge (Chrono Boost)  
  115  10:03  Probe  
  116  10:11  Photon Cannon  
  116  10:12  Probe  
  116  10:13  Photon Cannon  
  117  10:17  Void Ray  
  115  10:30  Adept x3  
  115  10:31  Adept  
  115  10:32  Probe  
  115  10:34  Probe  
  115  10:35  Probe  
  94  10:44  Probe  
  94  10:45  Immortal (Chrono Boost)  
  94  10:47  Probe  
  95  10:52  Mothership Core  
  95  10:56  Probe  
  97  11:08  Adept x2  
  97  11:09  Stalker  
  103  11:12  Nexus, Pylon  
  103  11:15  Pylon  
  103  11:17  Protoss Ground Weapons Level 3  
  103  11:20  Protoss Ground Armor Level 3  
  103  11:24  Disruptor (Chrono Boost)  
  106  11:28  Probe x2  
  106  11:30  Probe  
  109  11:40  Probe x2  
  109  11:41  Adept x2  
  109  11:42  Stalker  
  110  11:49  Probe, Nexus  
  111  11:55  Adept x2, Disruptor (Chrono Boost)  
  111  11:57  Sentry x2  
  122  12:06  Gateway  
  122  12:07  Probe  
  123  12:26  Adept  
  123  12:27  Stalker, Adept x2  
  122  12:43  Mothership Core  
  122  12:46  Void Ray  
  122  12:47  Probe x2  
  122  12:49  Stalker, Adept  
  122  12:50  Stalker  
  132  12:51  Disruptor (Chrono Boost)  
  132  12:55  Dark Shrine  
  139  12:59  Probe  
  140  13:21  Stalker  
  140  13:22  Adept  
  140  13:23  Adept  
  140  13:25  Stalker x2  
  146  13:50  Probe x2  
  146  13:53  Probe  
  149  14:01  Probe  
  149  14:02  Probe x2  
  151  14:09  Pylon  
  152  14:10  Stalker x2  
  152  14:11  Dark Templar x3  
  152  14:12  Void Ray  
  152  14:13  Warp Prism (Chrono Boost)  
  142  14:40  Stalker x2  
  142  14:43  Adept x3  
  152  14:54  Gateway  
  152  14:57  Gateway x2, Gravitic Drive  
  152  14:59  Pylon  
  152  15:11  Dark Templar x2  
  152  15:12  Stalker x2, Zealot  
  144  15:37  Archon x2  
  144  15:42  Stalker x2  
  136  15:43  Adept x3  
  128  15:56  Void Ray  
  120  15:57  Probe  
  120  16:03  Disruptor (Chrono Boost)  
  128  16:12  Assimilator  
  128  16:14  Assimilator  
  128  16:18  Stalker x3, Adept x2  
  134  16:19  Dark Templar x2  
  134  16:20  Dark Templar  
  142  16:26  Nexus  
  142  16:28  Pylon  
  142  16:30  Pylon  
  142  16:33  Assimilator  
  142  16:38  Assimilator  
  143  16:40  Pylon  
Tags
 
Add a new tag
Caveats
  • Supply blocks, unpowered buildings, or Contaminate may cause inaccurate times.
  • Supply counts are checked every 10 seconds.